[ AOE2 MATCH · #475986900 ]
UnrankedRomans vs Hindustanis
[ REPLAY ANALYSIS · EXTRACTED FROM THE RECORDED GAME ]
Feudal
10:59
Castle
16:15
Imperial
26:00
| APM avg | 19.0 |
| APM peak | 52 |
| eAPM avg | 15.5 |
| Villagers / military | 115 / 303 |
Focus
⚔️ 23.4% · 🌾 76.6%
Spearman ×202 · Militia ×84 · Centurion ×15 · Trade Cart ×10 · Monk ×2
Feudal
12:13
Castle
15:52
Imperial
30:16
| APM avg | 22.6 |
| APM peak | 46 |
| eAPM avg | 16.7 |
| Villagers / military | 145 / 340 |
Focus
⚔️ 27.5% · 🌾 72.5%
Camel Scout ×324 · Bombard Cannon ×16
Feudal
11:08
Castle
15:21
Imperial
30:03
| APM avg | 72.6 |
| APM peak | 165 |
| eAPM avg | 26.7 |
| Villagers / military | 99 / 266 |
Focus
⚔️ 35.3% · 🌾 64.7%
Hand Cannoneer ×125 · Skirmisher ×68 · Scout Cavalry ×52 · Battering Ram ×14 · Knight ×3 · Trebuchet (Packed) ×3
Feudal
10:15
Castle
15:21
Imperial
29:51
| APM avg | 21.6 |
| APM peak | 52 |
| eAPM avg | 14.9 |
| Villagers / military | 114 / 222 |
Focus
⚔️ 35.1% · 🌾 64.9%
Longbowman ×107 · Spearman ×103 · Trebuchet (Packed) ×11 · Monk ×1
Feudal
11:15
Castle
19:56
Imperial
34:32
| APM avg | 28.8 |
| APM peak | 85 |
| eAPM avg | 21.1 |
| Villagers / military | 175 / 334 |
Focus
⚔️ 46.9% · 🌾 53.1%
Spearman ×140 · Knight ×114 · Scorpion ×30 · Hand Cannoneer ×27 · Skirmisher ×23
Feudal
9:55
Castle
22:35
Imperial
30:13
| APM avg | 24.8 |
| APM peak | 73 |
| eAPM avg | 13.7 |
| Villagers / military | 85 / 129 |
Focus
⚔️ 37.0% · 🌾 63.0%
Spearman ×55 · Eagle Scout ×41 · Mangonel ×16 · Battering Ram ×15 · Monk ×2
Feudal
20:34
Castle
26:06
Imperial
—
| APM avg | 8.2 |
| APM peak | 60 |
| eAPM avg | 4.6 |
| Villagers / military | 65 / 0 |
Focus
⚔️ 13.1% · 🌾 86.9%
Feudal
12:01
Castle
18:21
Imperial
34:01
| APM avg | 22.3 |
| APM peak | 68 |
| eAPM avg | 11.8 |
| Villagers / military | 121 / 288 |
Focus
⚔️ 30.0% · 🌾 70.0%
Scout Cavalry ×191 · Mangudai ×92 · Trebuchet (Packed) ×5
Match map
Initial resources + every placement click. Lines = walls · curves = elevation contours. ◆ gold · ⬟ stone · ● berries · ✦ relic · ◌ wall gap
Inputs per minute
— gakbal - - 蹲牢里大口干饭
Build order — gakbal
First 150 of 390 actions detected
| 0:02 | Create | Villager (Male) |
| 0:03 | Create | Villager (Male) |
| 0:03 | Create | Villager (Male) |
| 0:04 | Build | House |
| 0:07 | Build | House |
| 0:32 | Create | Villager (Male) |
| 1:26 | Create | Villager (Male) |
| 1:26 | Create | Villager (Male) |
| 1:46 | Build | Lumber Camp |
| 2:04 | Create | Villager (Male) |
| 2:13 | Build | House |
| 2:16 | Build | House |
| 2:25 | Create | Villager (Male) |
| 2:56 | Create | Villager (Male) |
| 3:09 | Create | Villager (Male) |
| 3:46 | Create | Villager (Male) |
| 4:05 | Create | Villager (Male) |
| 4:45 | Create | Villager (Male) |
| 4:51 | Create | Villager (Male) |
| 5:22 | Build | Mill |
| 5:48 | Create | Villager (Male) |
| 5:49 | Create | Villager (Male) |
| 6:44 | Create | Villager (Male) |
| 6:44 | Create | Villager (Male) |
| 6:49 | Create | Villager (Male) |
| 6:49 | Research | Loom |
| 7:35 | Create | Villager (Male) |
| 7:35 | Research | Loom |
| 7:44 | Build | House |
| 7:45 | Build | House |
| 7:46 | Build | House |
| 7:48 | Build | House |
| 8:08 | Build | Mining Camp |
| 8:48 | Research | Feudal Age |
| 9:36 | Create | Villager (Male) |
| 10:22 | Create | Villager (Male) |
| 10:59 | Age | Feudal Age |
| 11:08 | Build | Farm |
| 11:11 | Build | Farm |
| 11:14 | Build | Farm |
| 11:16 | Build | Farm |
| 11:19 | Build | Farm |
| 11:22 | Build | Farm |
| 11:24 | Build | Farm |
| 11:27 | Build | Farm |
| 11:33 | Create | Villager (Male) |
| 11:42 | Build | Blacksmith |
| 11:48 | Build | Market |
| 11:54 | Create | Villager (Male) |
| 12:44 | Create | Villager (Male) |
| 13:10 | Create | Villager (Male) |
| 13:12 | Build | Farm |
| 13:26 | Research | Castle Age |
| 13:41 | Build | Farm |
| 13:48 | Research | Horse Collar |
| 13:58 | Research | Double-Bit Axe |
| 14:34 | Build | Farm |
| 14:36 | Build | Farm |
| 14:37 | Build | Farm |
| 14:39 | Build | Farm |
| 14:40 | Build | Farm |
| 14:47 | Create | Villager (Male) |
| 14:55 | Create | Villager (Male) |
| 15:00 | Build | Farm |
| 15:05 | Build | Farm |
| 15:35 | Create | Villager (Male) |
| 16:15 | Age | Castle Age |
| 16:20 | Create | Villager (Male) |
| 16:44 | Build | Town Center |
| 16:48 | Create | Villager (Male) |
| 16:51 | Research | Bow Saw |
| 17:04 | Research | Heavy Plow |
| 17:49 | Create | Villager (Male) |
| 17:49 | Create | Villager (Male) |
| 17:53 | Research | Wheelbarrow |
| 18:28 | Build | Lumber Camp |
| 18:52 | Build | Town Center |
| 18:56 | Create | Villager (Male) |
| 18:56 | Create | Villager (Male) |
| 18:57 | Research | Wheelbarrow |
| 18:59 | Create | Villager (Male) |
| 18:59 | Create | Villager (Male) |
| 18:59 | Create | Villager (Male) |
| 19:00 | Create | Villager (Male) |
| 20:03 | Create | Villager (Male) |
| 20:04 | Create | Villager (Male) |
| 20:05 | Create | Villager (Male) |
| 20:06 | Create | Villager (Male) |
| 20:14 | Research | Gold Mining |
| 20:32 | Create | Villager (Male) |
| 20:32 | Create | Villager (Male) |
| 20:32 | Create | Villager (Male) |
| 20:40 | Build | Monastery |
| 21:05 | Build | University |
| 21:09 | Create | Villager (Male) |
| 21:09 | Create | Villager (Male) |
| 21:15 | Create | Villager (Male) |
| 21:18 | Build | House |
| 21:19 | Build | House |
| 21:19 | Build | House |
| 21:19 | Build | House |
| 21:20 | Build | House |
| 21:20 | Build | House |
| 21:20 | Build | House |
| 21:53 | Create | Monk |
| 21:53 | Create | Monk |
| 21:58 | Build | Farm |
| 22:14 | Create | Villager (Male) |
| 22:17 | Build | Farm |
| 22:50 | Research | Imperial Age |
| 23:34 | Create | Villager (Male) |
| 23:34 | Create | Villager (Male) |
| 23:38 | Research | Hand Cart |
| 23:43 | Build | House |
| 23:43 | Build | House |
| 23:43 | Build | House |
| 23:43 | Build | House |
| 23:44 | Build | House |
| 23:44 | Build | House |
| 24:05 | Research | Gold Shaft Mining |
| 24:14 | Build | Barracks |
| 24:15 | Build | Barracks |
| 24:18 | Build | Barracks |
| 24:19 | Build | Barracks |
| 24:37 | Create | Villager (Male) |
| 24:38 | Create | Villager (Male) |
| 24:38 | Create | Villager (Male) |
| 24:41 | Create | Villager (Male) |
| 24:41 | Create | Villager (Male) |
| 24:41 | Create | Villager (Male) |
| 25:10 | Research | Squires |
| 25:11 | Research | Man-at-Arms (upgrade) |
| 25:59 | Research | Forging |
| 25:59 | Research | Scale Mail Armor |
| 26:00 | Age | Imperial Age |
| 26:07 | Create | Villager (Male) |
| 26:07 | Create | Villager (Male) |
| 26:07 | Create | Villager (Male) |
| 26:27 | Create | Villager (Male) |
| 26:29 | Create | Villager (Male) |
| 26:29 | Create | Villager (Male) |
| 26:29 | Create | Villager (Male) |
| 26:30 | Create | Villager (Male) |
| 26:33 | Build | Lumber Camp |
| 26:42 | Create | Villager (Male) |
| 26:42 | Create | Villager (Male) |
| 26:44 | Build | Mill |
| 27:00 | Research | Crop Rotation |
| 27:05 | Build | Farm |
| 27:15 | Build | Farm |
Build order — 蹲牢里大口干饭
First 150 of 438 actions detected
| 0:05 | Build | House |
| 0:08 | Build | House |
| 0:09 | Create | Villager (Male) |
| 0:09 | Create | Villager (Male) |
| 0:10 | Create | Villager (Male) |
| 0:10 | Create | Villager (Male) |
| 0:10 | Create | Villager (Male) |
| 1:33 | Create | Villager (Male) |
| 1:35 | Create | Villager (Male) |
| 1:36 | Create | Villager (Male) |
| 2:04 | Build | Lumber Camp |
| 2:09 | Create | Villager (Male) |
| 2:09 | Create | Villager (Male) |
| 2:48 | Create | Villager (Male) |
| 2:48 | Create | Villager (Male) |
| 2:55 | Build | House |
| 3:12 | Create | Villager (Male) |
| 3:12 | Create | Villager (Male) |
| 3:23 | Create | Villager (Male) |
| 3:23 | Create | Villager (Male) |
| 4:14 | Create | Villager (Male) |
| 5:03 | Create | Villager (Male) |
| 5:03 | Create | Villager (Male) |
| 5:04 | Create | Villager (Male) |
| 5:04 | Create | Villager (Male) |
| 5:09 | Build | Mill |
| 5:43 | Create | Villager (Male) |
| 5:43 | Create | Villager (Male) |
| 6:26 | Create | Villager (Male) |
| 6:26 | Create | Villager (Male) |
| 6:31 | Build | House |
| 6:53 | Create | Villager (Male) |
| 6:53 | Create | Villager (Male) |
| 7:21 | Create | Villager (Male) |
| 7:43 | Build | Mining Camp |
| 7:53 | Build | House |
| 8:07 | Build | Farm |
| 8:10 | Create | Villager (Male) |
| 9:01 | Create | Villager (Male) |
| 9:25 | Build | Farm |
| 9:29 | Create | Villager (Male) |
| 9:32 | Research | Feudal Age |
| 9:46 | Build | Farm |
| 9:50 | Build | Farm |
| 10:24 | Create | Villager (Male) |
| 10:24 | Create | Villager (Male) |
| 10:44 | Build | House |
| 12:13 | Age | Feudal Age |
| 12:16 | Build | Market |
| 12:23 | Build | Blacksmith |
| 12:57 | Research | Double-Bit Axe |
| 13:12 | Research | Castle Age |
| 13:26 | Research | Horse Collar |
| 14:11 | Build | Farm |
| 15:06 | Build | Farm |
| 15:06 | Build | Farm |
| 15:06 | Build | Farm |
| 15:06 | Build | Farm |
| 15:07 | Build | Farm |
| 15:07 | Build | Farm |
| 15:52 | Age | Castle Age |
| 15:59 | Build | Town Center |
| 16:11 | Build | Town Center |
| 16:26 | Create | Villager (Male) |
| 16:26 | Create | Villager (Male) |
| 16:44 | Research | Bow Saw |
| 16:47 | Research | Heavy Plow |
| 17:00 | Build | Farm |
| 17:03 | Create | Villager (Male) |
| 17:05 | Research | Wheelbarrow |
| 17:21 | Build | Farm |
| 17:22 | Create | Villager (Male) |
| 17:22 | Create | Villager (Male) |
| 17:28 | Build | Farm |
| 17:57 | Build | Farm |
| 18:04 | Create | Villager (Male) |
| 18:04 | Create | Villager (Male) |
| 18:05 | Create | Villager (Male) |
| 18:10 | Build | Farm |
| 18:12 | Create | Villager (Male) |
| 18:13 | Create | Villager (Male) |
| 18:18 | Create | Villager (Male) |
| 18:18 | Create | Villager (Male) |
| 18:23 | Build | Farm |
| 18:28 | Build | Farm |
| 18:52 | Build | Farm |
| 18:54 | Create | Villager (Male) |
| 18:57 | Create | Villager (Male) |
| 18:57 | Create | Villager (Male) |
| 18:57 | Create | Villager (Male) |
| 19:18 | Build | Town Center |
| 19:30 | Create | Villager (Male) |
| 19:30 | Create | Villager (Male) |
| 19:39 | Build | Farm |
| 19:41 | Build | Farm |
| 19:42 | Build | Farm |
| 19:42 | Build | Farm |
| 19:42 | Build | Farm |
| 19:57 | Create | Villager (Male) |
| 20:04 | Build | Farm |
| 20:08 | Build | House |
| 20:18 | Create | Villager (Male) |
| 20:19 | Create | Villager (Male) |
| 20:19 | Create | Villager (Male) |
| 20:19 | Create | Villager (Male) |
| 20:20 | Create | Villager (Male) |
| 20:20 | Create | Villager (Male) |
| 20:20 | Create | Villager (Male) |
| 20:20 | Create | Villager (Male) |
| 20:21 | Create | Villager (Male) |
| 20:21 | Create | Villager (Male) |
| 20:23 | Create | Villager (Male) |
| 20:24 | Create | Villager (Male) |
| 20:28 | Build | House |
| 20:29 | Build | House |
| 20:33 | Build | Farm |
| 20:56 | Build | Farm |
| 21:03 | Create | Villager (Male) |
| 21:09 | Create | Villager (Male) |
| 21:18 | Build | Farm |
| 21:22 | Build | Farm |
| 21:31 | Build | Farm |
| 21:32 | Build | House |
| 21:33 | Build | House |
| 21:33 | Build | House |
| 21:34 | Build | House |
| 21:34 | Build | House |
| 21:34 | Build | House |
| 21:34 | Build | House |
| 21:35 | Build | House |
| 21:35 | Build | House |
| 21:55 | Build | Farm |
| 21:58 | Create | Villager (Male) |
| 21:58 | Create | Villager (Male) |
| 21:59 | Create | Villager (Male) |
| 22:00 | Create | Villager (Male) |
| 22:06 | Build | Farm |
| 22:19 | Research | Hand Cart |
| 22:28 | Create | Villager (Male) |
| 22:28 | Create | Villager (Male) |
| 22:32 | Create | Villager (Male) |
| 22:39 | Build | Farm |
| 22:41 | Create | Villager (Male) |
| 22:42 | Create | Villager (Male) |
| 22:47 | Build | House |
| 22:49 | Build | House |
| 22:50 | Build | House |
| 22:59 | Build | Farm |
| 23:01 | Build | Farm |
| 23:10 | Build | Farm |
Build order — Makis
First 150 of 412 actions detected
| 0:01 | Create | Villager (Male) |
| 0:01 | Create | Villager (Male) |
| 0:01 | Create | Villager (Male) |
| 0:01 | Create | Villager (Male) |
| 0:02 | Create | Villager (Male) |
| 0:04 | Build | House |
| 0:07 | Build | House |
| 1:38 | Create | Villager (Male) |
| 1:39 | Create | Villager (Male) |
| 1:39 | Create | Villager (Male) |
| 1:45 | Build | Lumber Camp |
| 2:05 | Create | Villager (Male) |
| 2:05 | Create | Villager (Male) |
| 2:06 | Create | Villager (Male) |
| 2:22 | Create | Villager (Male) |
| 2:22 | Create | Villager (Male) |
| 3:00 | Create | Villager (Male) |
| 3:00 | Create | Villager (Male) |
| 3:21 | Create | Villager (Male) |
| 4:17 | Create | Villager (Male) |
| 4:25 | Build | House |
| 4:44 | Create | Villager (Male) |
| 4:44 | Create | Villager (Male) |
| 4:44 | Create | Villager (Male) |
| 4:45 | Create | Villager (Male) |
| 4:50 | Build | Mill |
| 4:53 | Build | House |
| 5:34 | Create | Villager (Male) |
| 5:34 | Create | Villager (Male) |
| 5:54 | Create | Villager (Male) |
| 5:54 | Create | Villager (Male) |
| 5:55 | Create | Villager (Male) |
| 6:48 | Create | Villager (Male) |
| 7:13 | Create | Villager (Male) |
| 7:39 | Create | Villager (Male) |
| 7:39 | Create | Villager (Male) |
| 7:39 | Create | Villager (Male) |
| 7:39 | Create | Villager (Male) |
| 7:39 | Create | Villager (Male) |
| 7:40 | Create | Villager (Male) |
| 8:12 | Build | Mining Camp |
| 8:41 | Research | Feudal Age |
| 9:09 | Build | Farm |
| 9:10 | Build | Farm |
| 10:45 | Build | House |
| 10:55 | Build | Farm |
| 10:58 | Build | Farm |
| 11:08 | Age | Feudal Age |
| 11:08 | Build | Farm |
| 11:09 | Create | Villager (Male) |
| 11:16 | Build | Market |
| 11:24 | Build | Blacksmith |
| 11:31 | Build | Farm |
| 11:36 | Create | Villager (Male) |
| 11:50 | Build | Farm |
| 12:01 | Build | House |
| 12:07 | Research | Loom |
| 12:41 | Research | Castle Age |
| 12:41 | Research | Castle Age |
| 12:47 | Build | Mining Camp |
| 13:52 | Research | Stone Mining |
| 13:53 | Research | Stone Mining |
| 14:05 | Research | Double-Bit Axe |
| 14:05 | Research | Double-Bit Axe |
| 15:21 | Age | Castle Age |
| 15:23 | Create | Villager (Male) |
| 15:28 | Build | Town Center |
| 15:40 | Research | Bow Saw |
| 15:41 | Research | Bow Saw |
| 16:14 | Build | House |
| 16:16 | Build | House |
| 16:18 | Create | Villager (Male) |
| 16:37 | Create | Villager (Male) |
| 16:53 | Build | Monastery |
| 16:57 | Create | Villager (Male) |
| 17:02 | Build | Farm |
| 17:03 | Build | Farm |
| 17:06 | Build | Farm |
| 17:11 | Create | Villager (Male) |
| 17:29 | Build | Farm |
| 17:30 | Create | Villager (Male) |
| 17:33 | Create | Monk |
| 17:56 | Create | Villager (Male) |
| 18:02 | Build | Farm |
| 18:04 | Build | Farm |
| 18:08 | Create | Villager (Male) |
| 18:14 | Create | Villager (Male) |
| 18:16 | Create | Villager (Male) |
| 18:18 | Create | Villager (Male) |
| 18:51 | Build | Farm |
| 19:09 | Create | Villager (Male) |
| 19:10 | Create | Villager (Male) |
| 19:13 | Build | Farm |
| 19:39 | Build | Castle |
| 19:55 | Create | Villager (Male) |
| 19:55 | Create | Villager (Male) |
| 19:58 | Build | House |
| 20:16 | Create | Villager (Male) |
| 20:29 | Build | Town Center |
| 20:40 | Build | House |
| 20:41 | Build | House |
| 20:44 | Create | Villager (Male) |
| 20:44 | Create | Villager (Male) |
| 20:54 | Build | Farm |
| 20:57 | Research | Wheelbarrow |
| 20:57 | Research | Wheelbarrow |
| 21:00 | Create | Villager (Male) |
| 21:33 | Build | House |
| 21:35 | Build | House |
| 21:37 | Create | Villager (Male) |
| 21:41 | Build | Farm |
| 21:52 | Create | Villager (Male) |
| 21:55 | Create | Villager (Male) |
| 21:55 | Create | Villager (Male) |
| 22:03 | Build | Farm |
| 22:04 | Build | Farm |
| 22:08 | Build | Farm |
| 22:14 | Create | Villager (Male) |
| 22:33 | Create | Villager (Male) |
| 22:34 | Create | Villager (Male) |
| 22:34 | Create | Villager (Male) |
| 22:48 | Create | Villager (Male) |
| 22:49 | Create | Villager (Male) |
| 22:52 | Build | Farm |
| 22:55 | Build | Farm |
| 22:56 | Build | Farm |
| 23:02 | Build | Farm |
| 23:03 | Create | Villager (Male) |
| 23:03 | Create | Villager (Male) |
| 23:16 | Create | Villager (Male) |
| 23:16 | Create | Villager (Male) |
| 23:17 | Create | Villager (Male) |
| 23:21 | Research | Hand Cart |
| 23:21 | Research | Hand Cart |
| 23:29 | Build | University |
| 23:46 | Create | Villager (Male) |
| 23:46 | Create | Villager (Male) |
| 23:52 | Build | Outpost |
| 24:03 | Build | Farm |
| 24:05 | Build | Farm |
| 24:09 | Research | Horse Collar |
| 24:09 | Research | Horse Collar |
| 24:09 | Research | Horse Collar |
| 24:26 | Build | House |
| 24:27 | Build | House |
| 24:28 | Build | House |
| 24:30 | Build | House |
| 24:32 | Create | Villager (Male) |
| 24:32 | Create | Villager (Male) |
| 24:33 | Create | Villager (Male) |
Build order — gina2620
First 150 of 269 actions detected
| 0:01 | Create | Villager (Male) ×4 |
| 0:03 | Build | House |
| 0:05 | Build | House |
| 0:07 | Build | House |
| 0:08 | Build | House |
| 0:30 | Build | Lumber Camp |
| 1:49 | Create | Villager (Male) |
| 2:08 | Create | Villager (Male) |
| 2:19 | Create | Villager (Male) |
| 3:04 | Create | Villager (Male) ×2 |
| 3:29 | Create | Villager (Male) ×2 |
| 4:05 | Create | Villager (Male) |
| 4:42 | Create | Villager (Male) ×2 |
| 4:48 | Build | Mill |
| 5:19 | Create | Villager (Male) ×2 |
| 6:07 | Create | Villager (Male) ×2 |
| 6:30 | Create | Villager (Male) |
| 7:21 | Build | House |
| 7:25 | Build | House |
| 7:32 | Build | Mining Camp |
| 7:50 | Research | Feudal Age |
| 8:05 | Build | Mill |
| 8:36 | Create | Villager (Male) ×3 |
| 10:15 | Age | Feudal Age |
| 10:34 | Build | Blacksmith |
| 10:47 | Build | Market |
| 11:21 | Create | Villager (Male) |
| 11:54 | Create | Villager (Male) |
| 12:41 | Research | Castle Age |
| 12:52 | Build | Farm |
| 12:52 | Build | Farm |
| 12:54 | Build | Farm |
| 12:55 | Build | Farm |
| 12:56 | Build | Farm |
| 12:57 | Build | Farm |
| 13:23 | Create | Villager (Male) |
| 13:43 | Build | Mining Camp |
| 14:13 | Research | Horse Collar |
| 14:18 | Create | Villager (Male) |
| 14:46 | Build | Farm |
| 15:12 | Build | House |
| 15:13 | Build | House |
| 15:14 | Build | House |
| 15:18 | Build | House |
| 15:18 | Build | House |
| 15:19 | Build | House |
| 15:21 | Age | Castle Age |
| 15:21 | Build | House |
| 15:31 | Build | Town Center |
| 15:41 | Create | Villager (Male) ×3 |
| 16:08 | Build | Farm |
| 16:08 | Build | Farm |
| 16:20 | Research | Double-Bit Axe |
| 16:41 | Create | Villager (Male) |
| 16:54 | Build | Town Center |
| 17:02 | Create | Villager (Male) |
| 17:20 | Build | Farm |
| 17:20 | Build | Farm |
| 17:22 | Create | Villager (Male) |
| 17:31 | Build | Farm |
| 17:35 | Create | Villager (Male) |
| 17:47 | Build | Farm |
| 17:53 | Create | Villager (Male) |
| 18:07 | Create | Villager (Male) |
| 18:13 | Build | Farm |
| 18:13 | Build | Farm |
| 18:13 | Build | Farm |
| 18:18 | Create | Villager (Male) |
| 18:24 | Build | Farm |
| 18:24 | Build | Farm |
| 18:33 | Create | Villager (Male) |
| 18:38 | Create | Villager (Male) |
| 18:43 | Build | Farm |
| 18:47 | Build | Farm |
| 18:47 | Build | Farm |
| 19:00 | Build | Farm |
| 19:03 | Create | Villager (Male) |
| 19:12 | Build | Farm |
| 19:14 | Create | Villager (Male) ×2 |
| 19:23 | Build | Mill |
| 19:36 | Create | Villager (Male) ×2 |
| 19:49 | Build | Farm |
| 19:49 | Build | Farm |
| 19:53 | Create | Villager (Male) ×2 |
| 19:56 | Build | Farm |
| 20:06 | Create | Villager (Male) ×2 |
| 20:11 | Build | Farm |
| 20:11 | Build | Farm |
| 20:22 | Create | Villager (Male) ×2 |
| 20:37 | Build | Farm |
| 20:40 | Create | Villager (Male) ×3 |
| 20:54 | Build | House |
| 20:55 | Build | House |
| 20:56 | Build | House |
| 20:57 | Build | House |
| 20:59 | Create | Villager (Male) |
| 21:05 | Build | Farm |
| 21:09 | Create | Villager (Male) ×2 |
| 21:21 | Create | Villager (Male) ×2 |
| 21:26 | Build | Farm |
| 21:28 | Create | Villager (Male) |
| 21:39 | Create | Villager (Male) ×2 |
| 21:46 | Build | Farm |
| 21:48 | Create | Villager (Male) ×2 |
| 22:03 | Build | University |
| 22:07 | Research | Heavy Plow |
| 22:09 | Create | Villager (Male) ×2 |
| 22:33 | Build | Stone Wall |
| 22:35 | Build | Building 490 |
| 22:38 | Create | Villager (Male) ×5 |
| 22:46 | Build | Monastery |
| 23:02 | Research | Bow Saw |
| 23:15 | Build | Building 487 |
| 23:18 | Create | Villager (Male) ×5 |
| 23:28 | Build | Lumber Camp |
| 23:38 | Create | Monk |
| 23:44 | Create | Villager (Male) |
| 23:54 | Build | Building 490 |
| 23:56 | Create | Villager (Male) ×5 |
| 24:18 | Build | Mill |
| 24:19 | Build | Farm |
| 24:20 | Build | Farm |
| 24:20 | Build | Farm |
| 24:21 | Build | Farm |
| 24:27 | Build | Farm |
| 24:27 | Build | Farm |
| 24:54 | Build | Farm |
| 24:54 | Build | Farm |
| 25:14 | Create | Villager (Male) ×5 |
| 25:20 | Research | Fletching |
| 25:24 | Research | Ballistics |
| 25:53 | Build | Castle |
| 25:55 | Create | Villager (Male) |
| 25:56 | Create | Villager (Male) |
| 25:58 | Create | Villager (Male) |
| 25:59 | Create | Villager (Male) |
| 26:07 | Build | Barracks |
| 26:41 | Research | Imperial Age |
| 26:45 | Research | Town Watch |
| 26:45 | Research | Wheelbarrow |
| 26:52 | Build | Mining Camp |
| 27:01 | Research | Loom |
| 27:09 | Build | Mining Camp |
| 27:28 | Create | Villager (Male) ×5 |
| 27:38 | Create | Longbowman ×2 |
| 27:41 | Create | Spearman ×5 |
| 27:55 | Research | Gold Mining |
| 28:03 | Build | Lumber Camp |
| 28:08 | Research | Padded Archer Armor |
| 28:08 | Research | Fletching |
Build order — Papi
First 150 of 714 actions detected
| 0:00 | Create | Villager (Male) |
| 0:01 | Create | Villager (Male) |
| 0:01 | Create | Villager (Male) |
| 0:01 | Create | Villager (Male) |
| 0:02 | Create | Villager (Male) |
| 0:07 | Build | House |
| 0:07 | Build | House |
| 0:33 | Create | Villager (Male) |
| 0:34 | Create | Villager (Male) |
| 1:27 | Create | Villager (Male) |
| 1:27 | Create | Villager (Male) |
| 2:12 | Create | Villager (Male) |
| 2:12 | Create | Villager (Male) |
| 2:42 | Create | Villager (Male) |
| 2:43 | Create | Villager (Male) |
| 2:43 | Create | Villager (Male) |
| 3:06 | Create | Villager (Male) |
| 3:07 | Create | Villager (Male) |
| 3:33 | Create | Villager (Male) |
| 3:34 | Create | Villager (Male) |
| 3:48 | Build | Lumber Camp |
| 3:59 | Create | Villager (Male) |
| 3:59 | Create | Villager (Male) |
| 4:05 | Build | House |
| 4:22 | Create | Villager (Male) |
| 4:31 | Build | Mill |
| 4:39 | Research | Loom |
| 4:47 | Create | Villager (Male) |
| 5:12 | Build | House |
| 5:14 | Create | Villager (Male) |
| 5:31 | Create | Villager (Male) |
| 5:42 | Create | Villager (Male) |
| 5:53 | Create | Villager (Male) |
| 5:53 | Create | Villager (Male) |
| 6:19 | Create | Villager (Male) |
| 7:08 | Create | Villager (Male) |
| 7:26 | Build | Mining Camp |
| 7:32 | Create | Villager (Male) |
| 8:10 | Create | Villager (Male) |
| 8:52 | Build | House |
| 9:01 | Create | Villager (Male) |
| 9:05 | Research | Feudal Age |
| 9:12 | Build | House |
| 9:12 | Build | House |
| 9:52 | Build | Mill |
| 10:08 | Build | House |
| 10:21 | Create | Villager (Male) |
| 10:46 | Build | Barracks |
| 10:51 | Create | Villager (Male) |
| 11:15 | Age | Feudal Age |
| 11:18 | Research | Double-Bit Axe |
| 11:23 | Build | Blacksmith |
| 11:26 | Create | Villager (Male) |
| 11:53 | Build | Stable |
| 11:57 | Create | Villager (Male) |
| 12:04 | Build | House |
| 12:05 | Build | House |
| 12:07 | Create | Villager (Male) |
| 12:38 | Create | Villager (Male) |
| 12:55 | Build | Market |
| 12:59 | Create | Villager (Male) |
| 13:15 | Create | Villager (Male) |
| 13:43 | Create | Villager (Male) |
| 14:21 | Build | Mill |
| 14:24 | Create | Villager (Male) |
| 14:40 | Create | Villager (Male) |
| 15:31 | Create | Villager (Male) |
| 15:35 | Create | Villager (Male) |
| 15:46 | Build | Farm |
| 15:46 | Build | Farm |
| 15:47 | Build | Farm |
| 15:47 | Build | Farm |
| 15:47 | Build | Farm |
| 15:47 | Build | Farm |
| 15:48 | Build | Farm |
| 15:48 | Build | Farm |
| 15:48 | Build | Farm |
| 15:48 | Build | Farm |
| 15:48 | Build | Farm |
| 15:49 | Build | Farm |
| 15:51 | Create | Villager (Male) |
| 16:27 | Build | Farm |
| 16:27 | Build | Farm |
| 16:27 | Build | Farm |
| 16:27 | Build | Farm |
| 16:27 | Build | Farm |
| 16:28 | Build | Farm |
| 16:28 | Build | Farm |
| 17:16 | Research | Castle Age |
| 17:16 | Research | Castle Age |
| 17:23 | Build | Stable |
| 17:29 | Build | House |
| 17:32 | Build | House |
| 18:02 | Build | Stable |
| 18:04 | Research | Gold Mining |
| 18:17 | Research | Forging |
| 18:25 | Build | House |
| 18:26 | Build | House |
| 19:13 | Build | House |
| 19:15 | Build | House |
| 19:17 | Build | House |
| 19:22 | Research | Scale Barding Armor |
| 19:42 | Create | Villager (Male) |
| 19:50 | Build | Mining Camp |
| 19:56 | Age | Castle Age |
| 19:59 | Create | Knight |
| 19:59 | Create | Knight |
| 19:59 | Create | Knight |
| 19:59 | Create | Knight |
| 19:59 | Create | Knight |
| 19:59 | Create | Knight |
| 19:59 | Create | Knight |
| 20:27 | Build | Town Center |
| 20:28 | Create | Villager (Male) |
| 20:29 | Create | Villager (Male) |
| 20:29 | Create | Villager (Male) |
| 20:36 | Create | Knight |
| 20:36 | Create | Knight |
| 20:36 | Create | Knight |
| 20:58 | Create | Villager (Male) |
| 21:05 | Create | Knight |
| 21:05 | Create | Knight |
| 21:23 | Build | Town Center |
| 21:50 | Create | Villager (Male) |
| 21:50 | Create | Villager (Male) |
| 21:51 | Create | Villager (Male) |
| 21:51 | Create | Villager (Male) |
| 21:55 | Build | Farm |
| 21:55 | Build | Farm |
| 21:55 | Build | Farm |
| 21:56 | Build | Farm |
| 21:56 | Build | Farm |
| 21:56 | Build | Farm |
| 21:56 | Build | Farm |
| 21:56 | Build | Farm |
| 21:58 | Create | Villager (Male) |
| 22:24 | Create | Villager (Male) |
| 22:33 | Build | Lumber Camp |
| 22:38 | Create | Knight |
| 22:38 | Create | Knight |
| 22:38 | Create | Knight |
| 22:49 | Create | Villager (Male) |
| 22:49 | Create | Villager (Male) |
| 23:29 | Create | Villager (Male) |
| 23:29 | Create | Villager (Male) |
| 23:31 | Create | Villager (Male) |
| 23:31 | Create | Villager (Male) |
| 23:31 | Create | Villager (Male) |
| 23:37 | Build | Farm |
| 23:37 | Build | Farm |
Build order — [ C* ] XF17K
First 150 of 271 actions detected
| 0:02 | Create | Villager (Male) ×4 |
| 0:04 | Build | House |
| 0:05 | Build | House |
| 0:06 | Build | House |
| 0:39 | Research | Loom |
| 0:42 | Build | Mill |
| 1:40 | Create | Villager (Male) |
| 1:40 | Create | Villager (Male) |
| 2:30 | Create | Villager (Male) |
| 2:31 | Create | Villager (Male) |
| 2:54 | Create | Villager (Male) |
| 2:54 | Create | Villager (Male) |
| 3:49 | Create | Villager (Male) |
| 3:50 | Create | Villager (Male) |
| 4:23 | Create | Villager (Male) |
| 4:24 | Create | Villager (Male) |
| 4:40 | Create | Villager (Male) |
| 4:47 | Create | Villager (Male) |
| 5:47 | Create | Villager (Male) |
| 5:49 | Create | Villager (Male) |
| 5:53 | Build | House |
| 6:53 | Create | Villager (Male) |
| 7:16 | Build | Lumber Camp |
| 7:20 | Create | Villager (Male) |
| 7:44 | Research | Feudal Age |
| 8:47 | Build | Mill |
| 8:51 | Create | Villager (Male) |
| 9:32 | Build | House |
| 9:34 | Build | House |
| 9:55 | Age | Feudal Age |
| 10:01 | Research | Horse Collar |
| 10:15 | Create | Villager (Male) |
| 10:33 | Create | Villager (Male) |
| 11:02 | Research | Double-Bit Axe |
| 11:15 | Create | Villager (Male) |
| 11:37 | Create | Villager (Male) |
| 11:55 | Build | Market |
| 12:01 | Create | Villager (Male) |
| 12:15 | Build | Blacksmith |
| 12:21 | Create | Villager (Male) |
| 12:39 | Create | Villager (Male) |
| 12:57 | Create | Villager (Male) |
| 12:58 | Create | Villager (Male) |
| 13:35 | Research | Town Watch |
| 13:35 | Create | Villager (Male) |
| 13:43 | Build | House |
| 13:46 | Build | House |
| 14:14 | Create | Villager (Male) |
| 14:14 | Create | Villager (Male) |
| 15:00 | Create | Villager (Male) |
| 15:05 | Build | Mill |
| 15:18 | Build | Mill |
| 15:44 | Build | Mill |
| 16:28 | Build | Barracks |
| 16:39 | Create | Villager (Male) |
| 16:39 | Create | Villager (Male) |
| 16:45 | Create | Villager (Male) |
| 16:52 | Build | Farm |
| 17:13 | Create | Eagle Scout |
| 17:13 | Create | Eagle Scout |
| 17:49 | Create | Villager (Male) |
| 17:54 | Build | Farm |
| 17:55 | Build | Farm |
| 17:55 | Build | Farm |
| 17:56 | Build | Farm |
| 17:57 | Build | Farm |
| 18:00 | Build | Farm |
| 18:03 | Create | Villager (Male) |
| 18:30 | Build | Farm |
| 18:33 | Create | Villager (Male) |
| 19:09 | Create | Spearman |
| 19:10 | Create | Spearman |
| 19:53 | Create | Spearman |
| 19:55 | Research | Castle Age |
| 20:05 | Build | Mining Camp |
| 20:45 | Build | Farm |
| 20:56 | Build | Mining Camp |
| 21:07 | Build | Stone Wall |
| 21:08 | Build | Stone Wall |
| 21:09 | Build | Stone Wall |
| 21:27 | Create | Villager (Male) |
| 21:34 | Build | House |
| 21:36 | Build | House |
| 21:48 | Build | Stone Wall |
| 21:48 | Build | Stone Wall |
| 22:26 | Build | Stone Wall |
| 22:27 | Build | Stone Wall |
| 22:35 | Age | Castle Age |
| 22:50 | Create | Villager (Male) |
| 22:59 | Build | Monastery |
| 23:06 | Create | Villager (Male) |
| 23:07 | Research | Gold Mining |
| 23:08 | Research | Bow Saw |
| 23:11 | Research | Heavy Plow |
| 23:47 | Build | Stone Wall |
| 23:48 | Build | Stone Wall |
| 24:05 | Create | Villager (Male) |
| 24:05 | Create | Villager (Male) |
| 24:20 | Build | Farm |
| 24:20 | Build | Farm |
| 24:21 | Build | Farm |
| 24:40 | Create | Villager (Male) |
| 25:03 | Create | Villager (Male) |
| 25:05 | Build | Farm |
| 25:06 | Build | Farm |
| 25:06 | Build | Farm |
| 25:07 | Build | Farm |
| 25:07 | Build | Farm |
| 26:03 | Create | Villager (Male) |
| 26:12 | Build | University |
| 26:16 | Create | Villager (Male) |
| 26:25 | Build | Lumber Camp |
| 26:31 | Build | Mining Camp |
| 26:34 | Research | Gold Shaft Mining |
| 27:03 | Research | Imperial Age |
| 27:13 | Build | Town Center |
| 27:29 | Build | Barracks |
| 27:33 | Build | Barracks |
| 27:45 | Build | Siege Workshop |
| 27:53 | Research | Stone Mining |
| 28:18 | Research | Pikeman (upgrade) |
| 28:19 | Research | Squires |
| 28:26 | Research | Scale Mail Armor |
| 28:36 | Create | Spearman ×4 |
| 28:55 | Create | Villager (Male) |
| 29:13 | Create | Spearman |
| 29:13 | Create | Spearman |
| 29:20 | Create | Villager (Male) |
| 29:24 | Create | Villager (Male) |
| 30:13 | Age | Imperial Age |
| 30:24 | Create | Spearman |
| 30:24 | Create | Spearman |
| 30:24 | Create | Spearman |
| 30:25 | Create | Spearman |
| 30:28 | Create | Villager (Male) |
| 30:28 | Create | Villager (Male) |
| 30:33 | Build | House |
| 30:34 | Build | House |
| 30:35 | Build | House |
| 30:40 | Build | House |
| 30:46 | Build | House |
| 30:47 | Build | House |
| 31:00 | Build | Blacksmith |
| 31:05 | Create | Spearman |
| 31:05 | Create | Spearman |
| 31:06 | Create | Spearman |
| 31:07 | Create | Spearman |
| 31:14 | Create | Monk |
| 31:15 | Create | Monk |
| 31:23 | Create | Villager (Male) |
Build order — Bo Binci
130 actions detected in the replay
| 0:08 | Build | House |
| 0:10 | Build | House |
| 0:17 | Create | Villager (Male) |
| 0:17 | Create | Villager (Male) |
| 0:18 | Create | Villager (Male) |
| 0:18 | Create | Villager (Male) |
| 0:18 | Create | Villager (Male) |
| 1:54 | Create | Villager (Male) |
| 1:54 | Create | Villager (Male) |
| 2:14 | Research | Loom |
| 2:20 | Create | Villager (Male) |
| 2:42 | Create | Villager (Male) |
| 3:11 | Research | Loom |
| 3:21 | Build | House |
| 3:23 | Build | House |
| 3:24 | Build | House |
| 3:26 | Create | Villager (Male) |
| 3:26 | Create | Villager (Male) |
| 3:30 | Create | Villager (Male) |
| 3:31 | Create | Villager (Male) |
| 4:11 | Create | Villager (Male) |
| 4:11 | Create | Villager (Male) |
| 5:50 | Create | Villager (Male) |
| 5:50 | Create | Villager (Male) |
| 5:51 | Create | Villager (Male) |
| 8:11 | Build | Mining Camp |
| 8:12 | Create | Villager (Male) |
| 8:13 | Create | Villager (Male) |
| 8:13 | Create | Villager (Male) |
| 9:02 | Create | Villager (Male) |
| 9:02 | Create | Villager (Male) |
| 9:15 | Build | Mill |
| 11:29 | Create | Villager (Male) |
| 11:29 | Create | Villager (Male) |
| 11:29 | Create | Villager (Male) |
| 11:30 | Create | Villager (Male) |
| 11:41 | Build | Mining Camp |
| 11:54 | Build | Lumber Camp |
| 11:55 | Create | Villager (Male) |
| 11:55 | Create | Villager (Male) |
| 12:36 | Create | Villager (Male) |
| 12:37 | Create | Villager (Male) |
| 12:37 | Create | Villager (Male) |
| 15:27 | Create | Villager (Male) |
| 15:28 | Create | Villager (Male) |
| 15:28 | Create | Villager (Male) |
| 15:29 | Create | Villager (Male) |
| 15:29 | Create | Villager (Male) |
| 15:29 | Create | Villager (Male) |
| 15:29 | Create | Villager (Male) |
| 15:30 | Create | Villager (Male) |
| 15:48 | Build | House |
| 16:28 | Create | Villager (Male) |
| 16:28 | Create | Villager (Male) |
| 17:17 | Create | Villager (Male) |
| 17:17 | Create | Villager (Male) |
| 18:10 | Research | Feudal Age |
| 18:10 | Research | Feudal Age |
| 18:50 | Build | Farm |
| 18:51 | Build | Farm |
| 18:53 | Build | Farm |
| 18:54 | Build | Farm |
| 18:55 | Build | Farm |
| 18:59 | Create | Villager (Male) |
| 20:18 | Build | Farm |
| 20:19 | Build | Farm |
| 20:20 | Build | Farm |
| 20:21 | Build | Farm |
| 20:22 | Build | Farm |
| 20:23 | Build | Farm |
| 20:26 | Create | Villager (Male) |
| 20:34 | Age | Feudal Age |
| 20:42 | Build | House |
| 21:08 | Create | Villager (Male) |
| 21:36 | Create | Villager (Male) |
| 21:53 | Create | Villager (Male) |
| 22:04 | Build | Blacksmith |
| 22:20 | Build | Market |
| 22:27 | Create | Villager (Male) |
| 22:28 | Create | Villager (Male) |
| 22:28 | Create | Villager (Male) |
| 23:00 | Build | Farm |
| 23:02 | Build | Farm |
| 23:05 | Build | Farm |
| 23:08 | Build | Farm |
| 23:26 | Research | Castle Age |
| 23:27 | Research | Castle Age |
| 23:38 | Research | Horse Collar |
| 25:40 | Research | Double-Bit Axe |
| 26:06 | Age | Castle Age |
| 26:17 | Create | Villager (Male) |
| 26:17 | Create | Villager (Male) |
| 26:24 | Build | House |
| 26:27 | Research | Town Watch |
| 26:41 | Create | Villager (Male) |
| 26:42 | Create | Villager (Male) |
| 27:29 | Research | Bow Saw |
| 27:31 | Research | Heavy Plow |
| 30:58 | Create | Villager (Male) |
| 30:58 | Create | Villager (Male) |
| 30:59 | Create | Villager (Male) |
| 31:10 | Build | University |
| 31:21 | Build | Lumber Camp |
| 31:44 | Create | Villager (Male) |
| 31:58 | Create | Villager (Male) |
| 32:04 | Build | House |
| 32:06 | Build | House |
| 32:07 | Build | House |
| 32:36 | Build | Farm |
| 32:38 | Research | Chemistry |
| 32:39 | Research | Ballistics |
| 32:50 | Create | Villager (Male) |
| 32:50 | Create | Villager (Male) |
| 33:02 | Research | Forging |
| 33:02 | Research | Scale Mail Armor |
| 33:03 | Research | Scale Barding Armor |
| 34:08 | Build | Farm |
| 34:09 | Build | Farm |
| 34:14 | Build | Farm |
| 34:15 | Create | Villager (Male) |
| 34:15 | Create | Villager (Male) |
| 37:35 | Research | Murder Holes |
| 37:35 | Research | Treadmill Crane |
| 37:36 | Research | Fortified Wall (upgrade) |
| 37:37 | Research | Masonry |
| 37:38 | Research | Masonry |
| 37:47 | Research | Fletching |
| 37:47 | Research | Iron Casting |
| 37:48 | Research | Padded Archer Armor |
| 37:49 | Research | Chain Barding Armor |
Build order — S个帅哥
First 150 of 372 actions detected
| 0:09 | Create | Villager (Male) |
| 0:09 | Create | Villager (Male) |
| 0:10 | Create | Villager (Male) |
| 0:16 | Build | House |
| 0:18 | Build | House |
| 0:20 | Build | House |
| 0:36 | Research | Loom |
| 0:58 | Create | Villager (Male) |
| 1:56 | Create | Villager (Male) |
| 2:47 | Create | Villager (Male) |
| 3:20 | Create | Villager (Male) |
| 4:32 | Create | Villager (Male) |
| 4:52 | Create | Villager (Male) |
| 5:26 | Create | Villager (Male) |
| 5:34 | Create | Villager (Male) |
| 6:10 | Create | Villager (Male) |
| 6:11 | Create | Villager (Male) |
| 6:42 | Create | Villager (Male) |
| 7:54 | Create | Villager (Male) |
| 7:54 | Create | Villager (Male) |
| 8:26 | Build | Lumber Camp |
| 8:38 | Build | House |
| 8:40 | Build | House |
| 8:43 | Build | House |
| 9:09 | Build | Mill |
| 9:10 | Create | Villager (Male) |
| 9:47 | Research | Feudal Age |
| 10:09 | Build | Mining Camp |
| 10:27 | Build | House |
| 10:29 | Build | Barracks |
| 11:51 | Build | Farm |
| 11:54 | Build | Farm |
| 11:56 | Build | Farm |
| 12:01 | Age | Feudal Age |
| 12:21 | Build | Farm |
| 12:31 | Create | Villager (Male) |
| 12:58 | Create | Villager (Male) |
| 13:19 | Create | Villager (Male) |
| 13:49 | Create | Villager (Male) |
| 13:57 | Build | Blacksmith |
| 14:02 | Create | Villager (Male) |
| 14:24 | Create | Villager (Male) |
| 14:47 | Build | Market |
| 14:59 | Create | Villager (Male) |
| 15:12 | Build | Farm |
| 15:41 | Research | Castle Age |
| 15:48 | Build | Farm |
| 15:50 | Build | Farm |
| 16:22 | Build | Mining Camp |
| 16:34 | Research | Double-Bit Axe |
| 16:34 | Research | Double-Bit Axe |
| 16:50 | Research | Horse Collar |
| 17:25 | Build | Farm |
| 17:28 | Build | Farm |
| 17:40 | Build | House |
| 17:55 | Build | Farm |
| 18:16 | Build | Farm |
| 18:21 | Age | Castle Age |
| 18:26 | Create | Villager (Male) |
| 18:29 | Build | House |
| 18:31 | Build | House |
| 18:33 | Build | House |
| 18:44 | Create | Villager (Male) |
| 18:51 | Research | Stone Mining |
| 19:18 | Create | Villager (Male) |
| 19:25 | Build | Farm |
| 19:36 | Research | Gold Mining |
| 19:39 | Create | Villager (Male) |
| 20:00 | Build | House |
| 20:02 | Build | House |
| 20:05 | Build | House |
| 20:08 | Build | House |
| 20:12 | Create | Villager (Male) |
| 20:26 | Research | Bow Saw |
| 20:32 | Create | Villager (Male) |
| 21:04 | Create | Villager (Male) |
| 21:16 | Build | Castle |
| 21:22 | Create | Villager (Male) |
| 21:41 | Build | Town Center |
| 21:47 | Create | Villager (Male) |
| 22:32 | Create | Villager (Male) |
| 22:32 | Create | Villager (Male) |
| 22:51 | Create | Villager (Male) |
| 22:52 | Create | Villager (Male) |
| 23:17 | Create | Villager (Male) |
| 23:18 | Create | Villager (Male) |
| 23:27 | Research | Heavy Plow |
| 23:40 | Build | Farm |
| 23:47 | Build | Farm |
| 23:54 | Create | Villager (Male) |
| 24:06 | Build | Lumber Camp |
| 24:11 | Build | Farm |
| 24:14 | Create | Villager (Male) |
| 24:14 | Create | Villager (Male) |
| 24:14 | Create | Villager (Male) |
| 24:15 | Create | Villager (Male) |
| 24:15 | Create | Villager (Male) |
| 24:27 | Create | Villager (Male) |
| 24:29 | Create | Villager (Male) |
| 24:37 | Create | Mangudai |
| 24:38 | Create | Mangudai |
| 24:53 | Create | Villager (Male) |
| 25:09 | Create | Villager (Male) |
| 25:28 | Build | Town Center |
| 25:34 | Create | Villager (Male) |
| 25:34 | Create | Villager (Male) |
| 25:34 | Create | Villager (Male) |
| 25:34 | Create | Villager (Male) |
| 25:35 | Create | Villager (Male) |
| 25:40 | Create | Mangudai |
| 25:40 | Create | Mangudai |
| 25:41 | Create | Mangudai |
| 25:47 | Research | Fletching |
| 25:51 | Create | Mangudai |
| 26:01 | Create | Villager (Male) |
| 26:06 | Build | Farm |
| 26:08 | Build | Farm |
| 26:11 | Build | Farm |
| 26:13 | Build | Farm |
| 26:20 | Build | Farm |
| 26:21 | Build | Farm |
| 26:23 | Build | Farm |
| 26:25 | Build | Farm |
| 26:34 | Build | Mill |
| 26:47 | Build | Farm |
| 26:49 | Build | Farm |
| 26:50 | Build | Farm |
| 26:53 | Build | Farm |
| 27:00 | Create | Villager (Male) |
| 27:04 | Create | Villager (Male) |
| 27:05 | Create | Villager (Male) |
| 27:07 | Create | Mangudai |
| 27:07 | Create | Mangudai |
| 27:21 | Build | Farm |
| 27:23 | Build | Farm |
| 27:30 | Build | Farm |
| 27:40 | Build | Farm |
| 27:45 | Create | Villager (Male) |
| 27:48 | Create | Villager (Male) |
| 27:49 | Create | Villager (Male) |
| 27:54 | Create | Villager (Male) |
| 27:55 | Create | Villager (Male) |
| 27:55 | Create | Villager (Male) |
| 28:00 | Build | Mining Camp |
| 28:20 | Build | Stone Wall |
| 28:31 | Build | Stone Wall |
| 28:37 | Build | Stone Wall |
| 28:42 | Build | Building 487 |
| 28:47 | Create | Villager (Male) |
| 28:48 | Create | Villager (Male) |
Match timeline
| 9:55 | [ C* ] XF17K · age_up feudal |
| 10:15 | gina2620 · age_up feudal |
| 10:29 | S个帅哥 · first_building Barracks |
| 10:46 | Papi · first_building Barracks |
| 10:59 | gakbal · age_up feudal |
| 11:08 | Makis · age_up feudal |
| 11:15 | Papi · age_up feudal |
| 11:53 | Papi · first_building Stable |
| 12:01 | S个帅哥 · age_up feudal |
| 12:13 | 蹲牢里大口干饭 · age_up feudal |
| 15:21 | gina2620 · age_up castle |
| 15:21 | Makis · age_up castle |
| 15:52 | 蹲牢里大口干饭 · age_up castle |
| 16:12 | gakbal · first_market_buy 100 wood |
| 16:15 | gakbal · age_up castle |
| 16:28 | [ C* ] XF17K · first_building Barracks |
| 16:53 | Makis · first_building Monastery |
| 18:13 | Makis · first_market_buy 100 food |
| 18:21 | S个帅哥 · age_up castle |
| 19:39 | Makis · first_building Castle |
| 19:56 | Papi · age_up castle |
| 20:34 | Bo Binci · age_up feudal |
| 20:40 | gakbal · first_building Monastery |
| 21:07 | [ C* ] XF17K · wall_segment Stone Wall x1 |
| 21:08 | [ C* ] XF17K · wall_segment Stone Wall x1 |
| 21:09 | [ C* ] XF17K · wall_segment Stone Wall x1 |
| 21:16 | S个帅哥 · first_building Castle |
| 21:48 | [ C* ] XF17K · wall_segment Stone Wall x1 |
| 21:48 | [ C* ] XF17K · wall_segment Stone Wall x1 |
| 22:26 | [ C* ] XF17K · wall_segment Stone Wall x1 |
| 22:27 | [ C* ] XF17K · wall_segment Stone Wall x1 |
| 22:33 | gina2620 · wall_segment Stone Wall x6 |
| 22:35 | [ C* ] XF17K · age_up castle |
| 22:46 | gina2620 · first_building Monastery |
| 22:59 | [ C* ] XF17K · first_building Monastery |
| 23:47 | [ C* ] XF17K · wall_segment Stone Wall x1 |
| 23:48 | [ C* ] XF17K · wall_segment Stone Wall x1 |
| 24:14 | gakbal · first_building Barracks |
| 25:47 | Makis · first_building Barracks |
| 25:53 | gina2620 · first_building Castle |
| 26:00 | gakbal · age_up imperial |
| 26:06 | Bo Binci · age_up castle |
| 26:07 | gina2620 · first_building Barracks |
| 26:12 | 蹲牢里大口干饭 · first_building Siege Workshop |
| 26:36 | gina2620 · first_market_sell 100 wood |
| 26:42 | Makis · first_building Stable |
| 27:45 | [ C* ] XF17K · first_building Siege Workshop |
| 27:49 | 蹲牢里大口干饭 · first_building Barracks |
| 28:20 | S个帅哥 · wall_segment Stone Wall x22 |
| 28:31 | S个帅哥 · wall_segment Stone Wall x12 |
| 28:37 | S个帅哥 · wall_segment Stone Wall x10 |
| 28:39 | 蹲牢里大口干饭 · first_building Castle |
| 28:53 | 蹲牢里大口干饭 · first_building Stable |
| 29:02 | gakbal · first_building Castle |
| 29:51 | Papi · first_building Castle |
| 29:51 | gina2620 · age_up imperial |
| 30:03 | Makis · age_up imperial |
| 30:13 | [ C* ] XF17K · age_up imperial |
| 30:16 | 蹲牢里大口干饭 · age_up imperial |
| 30:28 | Makis · first_building Archery Range |
| 31:57 | Papi · first_building Archery Range |
| 33:41 | S个帅哥 · first_building Stable |
| 34:01 | S个帅哥 · age_up imperial |
| 34:32 | Papi · age_up imperial |
| 34:43 | Makis · first_building Siege Workshop |
| 34:52 | S个帅哥 · wall_segment Stone Wall x12 |
| 38:26 | S个帅哥 · first_building Archery Range |
| 43:43 | Papi · first_building Siege Workshop |
| 50:31 | gakbal · resign |
| 50:35 | S个帅哥 · first_market_sell 100 wood |
[ AI ANALYSIS · 1 CREDIT ]
What really happened in this match?
Wolo.gg analyzes every decision: build order, eco, micro, common mistakes by bracket. Personalized analysis on WhatsApp or Discord in 30 seconds.
Civ guide
Romans
Perfil
gakbal